 Dungeon Crawl Stone Soup version 0.29-a0-284-gf9362112df (webtiles) character file.

Game seed: 15539395307341352523

1230 sammy202020 the Skirmisher (level 8, 0/103 HPs)
             Began as a Palentonga Berserker on Mar 23, 2022.
             Was a Priest of Trog.
             Slain by a gnoll sergeant
             ... wielding a +5 trident of venom
              (6 damage)
             ... on level 6 of the Dungeon.
             The game lasted 00:11:33 (5539 turns).

sammy202020 the Skirmisher (Palentonga Berserker)   Turns: 5539, Time: 00:11:33

Health: 0/103      AC: 17    Str: 18    XL:     8   Next: 24%
Magic:  8/8        EV:  9    Int: 10    God:    Trog [***...]
Gold:   270        SH:  0    Dex: 12    Spells: 7/7 levels left

rFire   . . .      SeeInvis +   a - +0 hand axe (vorpal)
rCold   . . .      Faith    .   (no shield)
rNeg    . . .      Spirit   .   m - +2 ring mail {rPois}
rPois   +          Reflect  .   e - +1 helmet
rElec   .          Harm     .   (no cloak)
rCorr   .          Rampage  .   (no gloves)
Will    ++...                   (no barding)
Stlth   ..........              (no amulet)
HPRegen 1.27/turn               (no ring)
MPRegen 0.11/turn               (no ring)

@: berserking, lethally poisoned (0 -> -4), strong-willed, regenerating, curled
up, very quick
A: large, rugged brown scales 3, see invisible, deformed body, roll 1, armoured
tail, reflexive curl, agile 1, weak 1, wild magic 1
a: Rolling Charge, Renounce Religion, Berserk, Trog's Hand


You were on level 6 of the Dungeon.
You worshipped Trog.
Trog was most pleased with you.
You visited 1 branch of the dungeon, and saw 6 of its levels.

You collected 270 gold pieces.

Inventory:

Hand Weapons
 a - a +0 vorpal hand axe (weapon)
 g - a +0 mace
 o - a +0 war axe
 q - a +0 war axe
Missiles
 n - a throwing net
Armour
 e - a +1 helmet (worn)
 m - a +2 ring mail of poison resistance (worn)
Wands
 b - a wand of polymorph (18)
 k - a wand of charming (19)
Scrolls
 c - 5 scrolls of identify
 d - 2 scrolls of blinking
 l - a scroll of teleportation
 p - 2 scrolls of amnesia
Potions
 f - 4 potions of curing
 h - 3 potions of might
 i - a potion of attraction
 j - 2 potions of lignification


   Skills:
 * Level 6.4 Fighting
 * Level 6.4 Axes
 * Level 5.0 Armour
 - Level 1.5 Dodging


You had 7 spell levels left.
You didn't know any spells.
Your spell library was empty.

Dungeon Overview and Level Annotations

Branches:
Dungeon (6/15)             Temple (0/1) D:5

Altars:
The Shining One

Shops:
D:1 *


Innate Abilities, Weirdness & Mutations

You are completely covered in rugged brown scales. (AC +3, +7% HP)
You have supernaturally acute eyesight. (SInv)
Armour fits poorly on your strangely shaped body.
You can roll at nearby foes to attack.
You have a long armoured tail.
You curl defensively after being hit. (AC +7*)
You are agile. (Dex +2)
You are weak. (Str -2)
Your spells are a little harder to cast, but a little more powerful.


Message History

The orc hits you but does no damage.
You closely miss the gnoll.
The gnoll shouts!
Your punch misses the gnoll. You hit the orc.
You hear a shout!
The gnoll hits you with a +0 halberd. The gnoll hits you but does no damage.
The orc hits you but does no damage.
You hit the gnoll.
The gnoll is lightly wounded.
You hit the orc but do no damage. The gnoll hits you with a +0 halberd!
* * * LOW HITPOINT WARNING * * *
The gnoll hits you but does no damage. The gnoll sergeant barely misses you.
The orc closely misses you.
Your skin crawls.
You feel strong-willed.
An orc priest comes into view. It is wielding a +0 dagger.
The gnoll hits you but does no damage. The gnoll barely misses you.
The gnoll sergeant hits you from afar with a +5 trident of venom!
* * * LOW HITPOINT WARNING * * *
You are lethally poisoned!
The orc closely misses you.
A red film seems to cover your vision as you go berserk!
You feel yourself moving faster!
You feel mighty!
* * * LOW HITPOINT WARNING * * *
You feel very sick. The gnoll closely misses you.
The gnoll sergeant barely misses you. The orc hits you but does no damage.
You feel a strong urge to attack something.
* * * LOW HITPOINT WARNING * * *
You feel very sick.
You closely miss the gnoll sergeant. You hit the gnoll. You hit the orc.
You kill the orc!
Trog accepts your kill.
You closely miss the gnoll. You slash the gnoll!
You kill the gnoll!
Trog accepts your kill.
* * * LOW HITPOINT WARNING * * *
You feel sick. The gnoll barely misses you. x2
The gnoll sergeant hits you with a +5 trident of venom.
You die...

#.. ...... ...
...... .... ......
..... ......#
####.....
.......##.#o...
.........)gD##..
...........g@g.#...
..........?.).......
....#.......####.###
..............)..#
...#
................##
..# .....
#..........##..#
....##.>...........#
.....##..........#
##...##†.........#


You could see a steam dragon, a gnoll sergeant, an orc priest and 2 gnolls.

Vanquished Creatures
  A water moccasin (D:6)
  A sky beast (D:6)
  An ogre (D:5)
  A kobold brigand (D:6)
  A necrophage (D:4)
  6 scorpions (D:5)
  A gnoll sergeant (D:5)
  Ijyb (D:4)
  An iguana (D:5)
  3 orc wizards
  Robin (D:3)
  10 gnolls
  6 adders
  A shadow imp (D:5)
  A white imp (D:5)
  3 dart slugs
  18 orcs
  6 ball pythons
  3 endoplasms (D:1)
  A giant cockroach (D:1)
  10 hobgoblins
  5 jackals
  4 quokkas
  5 bats
  3 frilled lizards (D:1)
  12 goblins
  11 kobolds
  3 rats
120 creatures vanquished.

Notes
Turn   | Place    | Note
-------+----------+-------------------------------------------
     0 | D:1      | sammy202020 the Palentonga Berserker began the quest for
                  | the Orb.
     0 | D:1      | Reached XP level 1. HP: 19/19 MP: 1/1
   287 | D:1      | Reached XP level 2. HP: 25/25 MP: 2/2
   607 | D:1      | Found Daliass's Assorted Antiques.
   662 | D:1      | Found a faded altar of an unknown god.
  1186 | D:1      | Reached ** piety under Trog
  1210 | D:2      | Reached XP level 3. HP: 31/31 MP: 3/3
  2099 | D:3      | Noticed Robin
  2104 | D:3      | Killed Robin
  2105 | D:3      | Reached XP level 4. HP: 31/39 MP: 4/4
  2407 | D:3      | Reached XP level 5. HP: 31/44 MP: 5/5
  2417 | D:3      | Reached *** piety under Trog
  3178 | D:4      | Noticed Ijyb
  3242 | D:4      | Killed Ijyb
  3597 | D:4      | Found a glowing golden altar of the Shining One.
  3646 | D:4      | Gained mutation: You have a beak for a mouth. [potion of
                  | mutation]
  3647 | D:4      | Lost mutation: You have a beak for a mouth. [potion of
                  | mutation]
  3647 | D:4      | Gained mutation: You are weak. (Str -2) [potion of
                  | mutation]
  3647 | D:4      | Gained mutation: Your spells are a little harder to cast,
                  | but a little more powerful. [potion of mutation]
  3647 | D:4      | Gained mutation: You are agile. (Dex +2) [potion of
                  | mutation]
  3755 | D:5      | Entered Level 5 of the Dungeon
  3761 | D:5      | Reached XP level 6. HP: 52/52 MP: 6/6
  4084 | D:5      | Reached skill level 5 in Fighting
  4084 | D:5      | Reached skill level 5 in Axes
  4235 | D:5      | Gained mutation: You curl defensively after being hit. (AC
                  | +7*) [Palentonga growth]
  4235 | D:5      | Reached XP level 7. HP: 43/59 MP: 7/7
  5201 | D:5      | Found a staircase to the Ecumenical Temple.
  5454 | D:6      | Reached XP level 8. HP: 33/68 MP: 8/8
  5507 | D:6      | Reached skill level 5 in Armour
  5539 | D:6      | Slain by a gnoll sergeant

Illustrated notes

Levels and vault maps discovered:
D:1:      minmay_arrival_nine_rooms, layout_basic,
          shapermc_ecumenical_altar_mp_highgroup, serial_shops,
          nicolae_shop_stone
D:2:      layout_loops_ring, minmay_misc_feat_rows
D:3:      layout_basic, minivault_14, uniq_robin
D:4:      layout_loops_ring, tso_metal_star, minmay_misc_feat_tiny, uniq_ijyb,
          uniq_blork_the_orc, uniq_eustachio
D:5:      layout_basic, minmay_temple_entry_offerings
D:6:      layout_cave_pools

Skill      XL: |  1  2  3  4  5  6  7  8 |
---------------+-------------------------+-----
Armour         | 2 3 4 5 |  5.0
Fighting       | 4 5 6 |  6.4
Axes           | 4 5 6 |  6.4
Dodging        | |  1.5

Action                   |  1- 3 |  4- 6 |  7- 9 || total
-------------------------+-------+-------+-------++-------
Melee: Hand axe          |    93 |   152 |   118 ||   363
       Tailslap          |     6 |     9 |    24 ||    39
       Punch             |       |       |     1 ||     1
Invok: Trog's Hand       |       |     3 |     2 ||     5
       Berserk           |       |     2 |     2 ||     4
 Abil: Rolling Charge    |     2 |       |       ||     2
  Use: Scroll            |     9 |     4 |     2 ||    15
       Potion            |       |     2 |       ||     2
Armor: Animal skin       |    30 |    60 |       ||    90
       Ring mail         |       |    44 |    57 ||   101
Dodge: Dodged            |    56 |    96 |    56 ||   208

Table legend: (Time is in decaauts)
 A = Elapsed time spent in this place.
 B = Non-inter-level travel time spent in this place.
 C = Inter-level travel time spent in this place.
 D = Time resting spent in this place.
 E = Time spent auto-exploring this place.
 F = Levels seen in this place.
 G = Mean time per level.
                   A        B        C        D        E       F      G
               +--------+--------+--------+--------+--------+-----+--------+
         Total |   5597 |   5345 |    252 |    689 |   3588 |   6 |  932.8 |
       Dungeon |   5597 |   5345 |    252 |    689 |   3588 |   6 |  932.8 |
               +--------+--------+--------+--------+--------+-----+--------+

Top non-repeatable levels by time:
     D:5: 1667 daAuts
     D:3: 1292 daAuts
     D:1: 1212 daAuts
     D:4: 650 daAuts
     D:2: 639 daAuts
     D:6: 134 daAuts
